 Dungeon Crawl Stone Soup version 0.29.1-1-gd02db6906a (webtiles) character file.

Game seed: 16577699272797691980

86 mopl the Poker (level 4, -1/36 HPs)
             Began as a Palentonga Gladiator on Oct 21, 2022.
             Was a Follower of Okawaru.
             Killed by nerve-wracking pain
             ... invoked by Jessica
              (2 damage)
             ... on level 3 of the Dungeon.
             The game lasted 00:01:37 (2033 turns).

mopl the Poker (Palentonga Gladiator)               Turns: 2033, Time: 00:01:39

Health: -1/36      AC:  6    Str: 22    XL:     4   Next: 26%
Magic:  4/4        EV:  9    Int:  8    God:    Okawaru [*.....]
Gold:   104        SH:  0    Dex: 11    Spells: 3/3 levels left

rFire   . . .      SeeInvis +   a - +0 trident
rCold   . . .      Faith    .   (no shield)
rNeg    . . .      Spirit   .   q - +0 ring mail
rPois   .          Reflect  .   c - +0 helmet
rElec   .          Harm     .   (no cloak)
rCorr   .          Rampage  .   (no gloves)
Will    .....                   (no barding)
Stlth   +.........              (no amulet)
HPRegen 0.12/turn               (no ring)
MPRegen 0.09/turn               (no ring)

@: lethally poisoned (-1 -> -13)
A: large, rugged brown scales 3, see invisible, deformed body, roll 1, armoured
tail
a: Rolling Charge, Renounce Religion, Heroism


You were on level 3 of the Dungeon.
You worshipped Okawaru.
Okawaru was aware of your devotion.
You visited 1 branch of the dungeon, and saw 3 of its levels.

You collected 104 gold pieces.

Inventory:

Hand Weapons
 a - a +0 trident (weapon)
Missiles
 d - 3 throwing nets (quivered)
 e - a javelin
Armour
 c - a +0 helmet (worn)
 q - a +0 ring mail (worn)
Jewellery
 o - a ring of wizardry
Scrolls
 f - 2 scrolls of identify {unknown}
 g - a scroll of vulnerability {unknown}
 h - a scroll of butterflies {unknown}
 i - 2 scrolls of teleportation {unknown}
 j - a scroll of poison {unknown}
 k - 2 scrolls of amnesia {unknown}
 n - a scroll of immolation {unknown}
 p - a scroll of enchant armour {unknown}
Potions
 b - 2 potions of mutation {unknown}
 l - a potion of resistance {unknown}
 m - a potion of cancellation {unknown}
 r - a potion of might {unknown}


   Skills:
 + Level 2.5 Fighting
 * Level 3.4 Polearms
 + Level 1.9 Throwing
 + Level 0.8 Armour
 + Level 2.7 Dodging
 + Level 1.2 Invocations


You had 3 spell levels left.
You didn't know any spells.
Your spell library was empty.

Dungeon Overview and Level Annotations

Branches:
Dungeon (3/15)

Altars:
Okawaru

Annotations:
D:3 Jessica


Innate Abilities, Weirdness & Mutations

You are completely covered in rugged brown scales. (AC +3, +7% HP)
You have supernaturally acute eyesight. (SInv)
Armour fits poorly on your strangely shaped body.
You can roll at nearby foes to attack.
You have a long armoured tail.


Message History

You reach to attack!
You puncture Jessica!
Jessica is almost dead.
Jessica casts a spell at you. You resist with some effort.
Reach: a) +0 trident
Press: ? - help, Dir - move target, f/p - Jessica
Aim: Jessica, wielding a +1 dagger of venom and wearing a +0 robe (almost dead, fast, about 44% to evade your +0 trident)
You reach to attack!
You barely miss Jessica.
Jessica is almost dead.
Jessica barely misses you.
Reach: a) +0 trident
Press: ? - help, Dir - move target, f/p - Jessica
Aim: Jessica, wielding a +1 dagger of venom and wearing a +0 robe (almost dead, fast, about 44% to evade your +0 trident)
You barely miss Jessica.
Jessica is almost dead.
Jessica hits you with a +1 dagger of venom.
You are lethally poisoned!
Jessica hits you with a +1 dagger of venom.
You are more poisoned.
Reach: a) +0 trident
Press: ? - help, Dir - move target, f/p - Jessica
Aim: Jessica, wielding a +1 dagger of venom and wearing a +0 robe (almost dead, fast, about 44% to evade your +0 trident)
You closely miss Jessica.
Jessica is almost dead.
* * * LOW HITPOINT WARNING * * *
You feel very sick. Jessica casts a spell at you. You resist with some effort.
Reach: a) +0 trident
Press: ? - help, Dir - move target, f/p - Jessica
Aim: Jessica, wielding a +1 dagger of venom and wearing a +0 robe (almost dead, fast, about 44% to evade your +0 trident)
You hit Jessica but do no damage.
Jessica is almost dead.
* * * LOW HITPOINT WARNING * * *
You feel very sick.
Jessica mumbles some strange words.
Jessica blinks!
Jessica points at you and mumbles some strange words.
Pain shoots through your body!
You die...

#....# #.###
#....###.
#...
#..#.....
#.###
#....#### .
#.#.##
..#######.#.#
#......$..#.#
####..@.###.#
#...@)#
###.ยง.#
#...# #
...... #
........ #
#......... #
####...###. #
#...# .# #..#
##..# ...


You could see Jessica (fast).

Vanquished Creatures
  3 adders
  An ufetubus (D:2)
  2 worms
  4 ball pythons
  3 endoplasms
  2 giant cockroaches (D:2)
  4 goblins
  4 hobgoblins
  5 kobolds
  5 quokkas
  3 bats (D:2)
  4 frilled lizards (D:2)
  5 rats
45 creatures vanquished.

Notes
Turn   | Place    | Note
-------+----------+-------------------------------------------
     0 | D:1      | mopl the Palentonga Gladiator began the quest for the Orb.
     0 | D:1      | Reached XP level 1. HP: 17/17 MP: 1/1
   221 | D:1      | Found a faded altar of an unknown god.
   234 | D:1      | Prayed at the altar of an unknown god.
   234 | D:1      | Became a worshipper of Warmaster Okawaru
   234 | D:1      | Reached * piety under Okawaru
   320 | D:1      | Reached XP level 2. HP: 23/23 MP: 2/2
   389 | D:1      | Reached skill level 3 in Polearms
   938 | D:2      | Reached XP level 3. HP: 28/28 MP: 3/3
  1937 | D:3      | Reached skill level 1 in Invocations
  1937 | D:3      | Reached XP level 4. HP: 36/36 MP: 4/4
  2023 | D:3      | Noticed Jessica
  2033 | D:3      | HP: 1/36 [poisoned by Jessica]
  2033 | D:3      | Killed from afar by Jessica

Illustrated notes

Levels and vault maps discovered:
D:1:      mainiacjoe_arrival_reflecting_pool, layout_basic,
          basic_ecumenical_altar, nrook_mini_vaults
D:2:      layout_loops_corners, minmay_lizard_pond
D:3:      layout_loops_ring, uniq_jessica

Skill      XL: |  1  2  3 |
---------------+----------+-----
Polearms       | 3 |  3.4
Invocations    | 1 |  1.2
Fighting       | |  2.5
Throwing       | |  1.9
Armour         | |  0.8
Dodging        | |  2.7

Action                   |  1- 3 |  4- 6 || total
-------------------------+-------+-------++-------
Melee: Trident           |   100 |    25 ||   125
       Tailslap          |     9 |     2 ||    11
       Punch             |     2 |       ||     2
Armor: Leather armour    |    21 |       ||    21
       Ring mail         |     2 |    14 ||    16
Dodge: Dodged            |    44 |     9 ||    53
